 Dungeon Crawl Stone Soup version 0.32-a0-909-gc671339a80 (webtiles) character file.

Game seed: 12940414386923433226

228 Biggs the Shooter (level 6, -7/44 HPs)
             Began as a Coglin Hunter on Apr 7, 2024.
             Mangled by an ogre
             ... wielding a +0 giant club
              (23 damage)
             ... on level 4 of the Dungeon.
             The game lasted 00:02:10 (1811 turns).

Biggs the Shooter (Coglin Hunter)                   Turns: 1811, Time: 00:02:11

Health: -7/44      AC:  6    Str: 11    XL:     6   Next: 2%
Magic:  6/6        EV: 11    Int:  9    God:
Gold:   169        SH:  0    Dex: 19    Spells: 5/5 levels left

rFire   . . .        a - +2 sling {Somchit}
rCold   . . .        d - +0 sling {Ignacio}
rNeg    . . .        c - +0 leather armour
rPois   .            q - +0 helmet
rElec   .            (no cloak)
rCorr   .            h - +0 pair of gloves
SInv    .            t - +0 pair of boots
Will    .....        (amulet unavailable)
Stlth   ++           (ring unavailable)
HPRegen 0.27/turn    (ring unavailable)
MPRegen 0.10/turn    (no gizmo)

%: no passive effects
@: revved
A: off-hand wielding, slow wielding, warmup strikes, no jewellery
a: Invent Gizmo


You were on level 4 of the Dungeon.
You visited 1 branch of the dungeon, and saw 4 of its levels.

You collected 169 gold pieces.

Inventory:

Hand Weapons
 a - a +2 sling (weapon) {Somchit}
 d - a +0 sling (offhand) {Ignacio}
Armour
 c - a +0 leather armour (worn)
 h - a +0 pair of gloves (worn)
 q - a +0 helmet (worn)
 t - a +0 pair of boots (worn)
Scrolls
 b - a scroll of butterflies
 e - a scroll of enchant armour {unknown}
 g - 7 scrolls of identify {unknown}
 l - a scroll of vulnerability {unknown}
 n - a scroll of revelation {unknown}
 o - a scroll of teleportation {unknown}
 p - a scroll of enchant weapon {unknown}
 s - a scroll of fog {unknown}
 u - a scroll of amnesia {unknown}
Potions
 f - a potion of cancellation {unknown}
 i - a potion of enlightenment {unknown}
 j - a potion of lignification {unknown}
 k - 2 potions of degeneration {unknown}
 m - a potion of heal wounds {unknown}
 r - a potion of curing {unknown}


   Skills:
 - Level 2.0 Fighting
 + Level 6.4 Ranged Weapons
 - Level 1.7 Dodging
 - Level 0.7 Stealth


You had 5 spell levels left.
You didn't know any spells.
Your spell library contained the following spells:

 Spells                   Type           Power      Damage    Failure   Level
 Necrotise                Necr           0%         1d4       47%         1
 Sublimation of Blood     Necr           0%         N/A       63%         2
 Vampiric Draining        Necr           0%         2d6       85%         3
 Martyr's Knell           Necr/Summ      0%         N/A       99%         4
 Petrify                  Alch/Erth      0%         N/A       99%         4
 Curse of Agony           Necr           0%         N/A       100%        5
 Irradiate                Conj/Alch      0%         3d11      100%        5


Dungeon Overview and Level Annotations

Branches:
Dungeon (4/15)
 Temple: D:4-7

Altars:
Vehumet

Shops:
D:1 =


Innate Abilities, Weirdness & Mutations

You can wield a second weapon in your off-hand.
It takes a long time for you to wield or remove held weapons.
Your first few attacks do less damage.
You cannot equip rings or amulets.


Message History

You shoot a sling bullet. The sling bullet hits the ogre.
The ogre is moderately wounded.
You shoot a sling bullet. The sling bullet hits the ogre.
The ogre is heavily wounded.
An ogre is nearby!
You shoot a sling bullet.
The sling bullet completely misses the ogre.
You shoot a sling bullet.
The sling bullet barely misses the ogre.
The ogre barely misses you.
Unknown command.
An ogre is nearby!
You shoot a sling bullet. The sling bullet hits the ogre.
The ogre is heavily wounded.
You shoot a sling bullet. The sling bullet hits the ogre.
The ogre is severely wounded.
An ogre is nearby!
You shoot a sling bullet. The sling bullet hits the ogre.
The ogre is almost dead.
You shoot a sling bullet.
The sling bullet hits the ogre but does no damage.
The ogre is almost dead.
The ogre hits you with a +0 giant club!!
Ouch! That really hurt!
You are too injured to fight recklessly!
Unknown command.
An ogre is nearby!
You are too injured to fight recklessly!
Unknown command.
You are too injured to fight recklessly!
Fire: a) +2 sling {Somchit}
Press: ? - help, Q - select action Shift-Dir - straight line, f/p - ogre
Aim: an ogre, wielding a +0 giant club (almost dead, 78% to hit)
You shoot a sling bullet. The sling bullet hits the ogre.
The ogre is almost dead.
You shoot a sling bullet.
The sling bullet barely misses the ogre.
The ogre hits you with a +0 giant club!!
Ouch! That really hurt!
You die...

......#...###.......#
#.##......###.......#
#.#...†....##.......##
#.#.##..[#.######.....
#####.#.#....#...####.....
........).........<......†
###.#.#)##...###.####.....
#.).#..#.# #.. #.....
#...###@#..# #. .##.##
.....#....O..## #. ..#
......####...# .. #.# ...
.. #...# .## #.# .. ...
..).. . ... ...... ....
....... .........


You could see an ogre.

Vanquished Creatures
  A bombardier beetle (D:3)
  An orc priest (D:4)
  A hound (D:2)
  Natasha (twice) (D:2)
  An orc wizard (D:3)
  An adder (D:4)
  A dart slug (D:2)
  8 orcs
  6 ball pythons
  4 endoplasms
  2 giant cockroaches
  4 hobgoblins
  7 kobolds
  A quokka (D:1)
  4 bats
  A goblin (D:1)
  2 rats
47 creatures vanquished.

Notes
Turn   | Place    | Note
-------+----------+-------------------------------------------
     0 | D:1      | Biggs the Coglin Hunter began the quest for the Orb.
     0 | D:1      | Reached XP level 1. HP: 16/16 MP: 1/1
    76 | D:1      | Reached skill level 4 in Ranged Weapons
    76 | D:1      | Reached XP level 2. HP: 22/22 MP: 2/2
   154 | D:1      | Found Zuekapte's Jewellery Shop.
   526 | D:2      | Reached XP level 3. HP: 13/27 MP: 3/3
   680 | D:2      | Noticed Natasha
   685 | D:2      | Killed Natasha
   686 | D:2      | Reached skill level 5 in Ranged Weapons
   686 | D:2      | Reached XP level 4. HP: 33/33 MP: 4/4
   740 | D:2      | Noticed Natasha
   742 | D:2      | Killed Natasha
  1094 | D:3      | Reached XP level 5. HP: 38/38 MP: 5/5
  1373 | D:3      | Found a radiant altar of Vehumet.
  1462 | D:3      | Identified the +0 robe of Failure {rElec rF+}
  1500 | D:3      | Reached skill level 6 in Ranged Weapons
  1789 | D:4      | Reached XP level 6. HP: 44/44 MP: 6/6
  1811 | D:4      | Mangled by an ogre

Illustrated notes

Levels and vault maps discovered:
D:1:      minmay_arrival_shattered_statue, layout_basic, serial_shops,
          nicolae_shop_crystal, serial_park_tiny_pond
D:2:      layout_loops_ring, kennysheep_generic_room_4, uniq_natasha
D:3:      layout_basic, nicolae_vehumet_radiance
D:4:      layout_rooms, nicolae_overflow_hidden_temple, temple_doors_cd

Skill      XL: |  1  2  3  4  5 |
---------------+----------------+-----
Ranged Weapons | 4 5 6 |  6.4
Fighting       | |  2.0
Dodging        | |  1.7
Stealth        | |  0.7

Action                     |  1- 3 |  4- 6 || total
---------------------------+-------+-------++-------
   Fire: Sling             |    90 |   104 ||   194
 Armour: Leather armour    |     5 |     3 ||     8
  Dodge: Dodged            |     4 |     1 ||     5

Table legend: (Time is in decaauts)
 A = Elapsed time spent in this place.
 B = Non-inter-level travel time spent in this place.
 C = Inter-level travel time spent in this place.
 D = Time resting spent in this place.
 E = Time spent auto-exploring this place.
 F = Levels seen in this place.
 G = Mean time per level.
                   A        B        C        D        E       F      G
               +--------+--------+--------+--------+--------+-----+--------+
         Total |   1828 |   1729 |     99 |      0 |   1456 |   4 |  457.0 |
       Dungeon |   1828 |   1729 |     99 |      0 |   1456 |   4 |  457.0 |
               +--------+--------+--------+--------+--------+-----+--------+

Top non-repeatable levels by time:
     D:3: 738 daAuts
     D:2: 696 daAuts
     D:1: 338 daAuts
     D:4: 55 daAuts
